 Dungeon Crawl Stone Soup version 0.20.1-1-g8b1a95d (webtiles) character file.

83798 letownia2 the Necromancer (level 15, 72/134 HPs)
             Began as a Deep Dwarf Necromancer on Dec 18, 2017.
             Was an Initiate of Gozag.
             Quit the game on level 2 of the Lair of Beasts.
             The game lasted 01:33:32 (24042 turns).

letownia2 the Necromancer (Deep Dwarf Necromancer) Turns: 24042, Time: 01:33:32

Health: 72/134     AC: 16    Str: 16 (17) XL:     15   Next: 33%
Magic:  26/29      EV: 15    Int: 18 (19) God:    Gozag
Gold:   1002       SH: 11    Dex: 15      Spells: 20/34 levels left

rFire    + + .     SeeInvis .   b - +1 war axe (chop)
rCold    + . .     Gourm    .   e - +6 buckler of the Ban {rPois rF+}
rNeg     + . .     Faith    .   R - +2 chain mail {rC+}
rPois    +         Spirit   .   (no helmet)
rElec    .         Reflect  .   v - +1 cloak
rCorr    .         Harm     .   f - +0 pair of gloves
MR       ++...                  (no boots)
Stlth    ..........             (no amulet)
Regen    0.0/turn               s - +6 ring of evasion
MPRegen  0.3/turn               K - +3 ring of slaying

@: non-regenerating
A: damage resistance, heal wounds, thin skeletal structure 1, clever 1,
deterioration 1, fire resistance 1, negative energy resistance 1, sense
surroundings 2, no regeneration
a: Heal Wounds, Potion Petition, Call Merchant, Bribe Branch, Renounce Religion


You were on level 2 of the Lair of Beasts.
You worshipped Gozag.
Gozag was most pleased with you.
You were not hungry.

You visited 5 branches of the dungeon, and saw 27 of its levels.

You collected 7744 gold pieces.
You spent 49 gold pieces at shops.
You paid 6693 gold pieces to Gozag.

Inventory:

Hand Weapons
 a - a +1 flail of pain
 b - a +1 war axe of chopping (weapon)
 c - a +0 blowgun
 h - a +1 battleaxe of flaming
Missiles
 k - 4 poisoned javelins (quivered)
 p - 9 curare-tipped needles
Armour
 e - the +6 buckler of the Ban (worn) {rPois rF+}
   (You found it on level 8 of the Dungeon)

   It protects you from fire.
   It protects you from poison.
 f - a +0 pair of gloves (worn)
 v - a +1 cloak (worn)
 R - a +2 chain mail of cold resistance (worn)
 Y - the +1 leather armour of Prudence {MR+++ Str+10 Int-3 Dex-5}
   (You found it on level 2 of the Swamp)

   It affects your strength (+10).
   It affects your intelligence (-3).
   It affects your dexterity (-5).
   It affects your resistance to hostile enchantments.
Magical Staves
 t - an uncursed staff of air
Jewellery
 g - an uncursed ring of resist corrosion
 s - a +6 ring of evasion (left hand)
 w - an uncursed ring of protection from fire
 K - a +3 ring of slaying (right hand)
 O - an uncursed ring of wizardry
Wands
 A - a wand of paralysis (4/24)
 B - a wand of confusion (26/48)
 J - a wand of lightning (7/15)
 Q - a wand of paralysis (10/24)
 Z - a wand of polymorph (7/24)
Scrolls
 i - 4 scrolls of identify
 l - 11 scrolls of teleportation
 o - a scroll of fear
 u - 3 scrolls of immolation
 y - 2 scrolls of magic mapping
 H - 6 scrolls of recharging
 I - 5 scrolls of fog
 L - 12 scrolls of remove curse
 T - a scroll of blinking
Potions
 d - 2 potions of agility
 j - a potion of might
 q - a potion of flight
 z - a potion of haste
 D - a potion of resistance
 E - 4 potions of heal wounds
 G - 3 potions of lignification
 M - 2 potions of ambrosia
 N - 8 potions of curing
 S - a potion of invisibility
 U - 3 potions of mutation
 V - 2 potions of berserk rage
 W - a potion of magic
Miscellaneous
 r - 2 sacks of spiders
 C - a lightning rod (4/4)
 P - a lamp of fire (inert)
Comestibles
 x - 11 bread rations


   Skills:
 - Level 8.4 Fighting
 + Level 14.8 Axes
 - Level 8.4 Armour
 - Level 4.7 Dodging
 - Level 2.4 Stealth
 - Level 3.1 Shields
 - Level 10.3 Spellcasting
 - Level 4.0 Conjurations
 - Level 15.6 Necromancy
 - Level 4.0 Fire Magic
 - Level 6.1 Evocations


You had 20 spell levels left.
You knew the following spells:

 Your Spells              Type           Power        Failure   Level  Hunger
a - Pain                  Necr           ####         1%          1    None
c - Conjure Flame         Conj/Fire      ###.....     52%         3    None
d - Flame Tongue          Conj/Fire      ###..        21%         1    None
j - Portal Projectile     Hex/Tloc       #.....       97%         3    None
v - Vampiric Draining     Necr           ######....   1%          3    None
x - Inner Flame           Hex/Fire       ###.....     80%         3    None


Dungeon Overview and Level Annotations

Branches:
Dungeon (15/15)            Temple (1/1) D:5            Lair (6/6) D:10
  Swamp (3/4) Lair:2        Slime (0/5) Lair:6          Orc (2/2) D:12
    Elf (0/3) Orc:2        Vaults (0/5) D:14         Depths (0/5) D:15
  Snake: Lair:2-4    Spider: Lair:2-4

Altars:
Ashenzari
Dithmenos
Fedhas
Gozag
Hepliaklqana
Kikubaaqudgha
Makhleb
Nemelex Xobeh
Okawaru
Qazlal
Sif Muna
Uskayaw
Vehumet
Xom
Yredelemnul
Zin
The Shining One
Beogh
Jiyva

Shops:
D:6 ?   D:7 [   D:11 *   D:12 (   Orc:2 !*[(   Lair:2 (([[[[

Portals:
Trove: D:12 (give 6 potions of agility)

Annotations:
D:4 letownia2's ghost, amateur DDNe
D:6 DIG
D:10 exclusion: ice statue
Lair:6 1 runed door


Innate Abilities, Weirdness & Mutations

You are resistant to damage.
You can heal yourself by infusing magical energy.
You resist negative energy. (rN+)
You passively map the area around you.
You do not regenerate.
You have a somewhat thin skeletal structure. (Dex +2, Stealth)
Your mind is acute. (Int +2)
Your body sometimes deteriorates upon taking damage.
Your flesh is heat resistant. (rF+)


Message History

You drop a bardiche.
You drop a wand of confusion (?/48) {zapped: 2}.
As you read the scroll of identify, it crumbles to dust.
W - a potion of magic Drop what? 50/52 slots (_ for help) (? for menu, Esc to quit)
You drop a fan of gales.
You drop a phantom mirror.
Okay, then.
Okay, then.
Put on which piece of jewellery? (? for menu, Esc to quit)
Okay, then.
Okay, then. [a] 1020 gold - Kyodderi's Food Shop [b] 1125 gold - Royboxup's Antique Armour Emporium [c] 1772 gold - Vemoum's Antique Weapon Emporium [d] 1407 gold - Sesem's Assorted Antiques Fund which merchant?
You no longer have enough gold to fund merchants seeking to open stores in the dungeon.
Royboxup invites you to visit its Antique Armour Emporium.
Are you sure you want to abandon this character and quit the game? (Confirm with "yes".)

..#.#....P#P..##........ ,
,, ........................
, ....................... ,
...................♣♣. *
#......P.........♣♣≈≈ * *,
##.....P.##......♣♣≈§§ *
#P.....#.........♣≈≈≈≈
,##.<.............♣≈≈§≈ *,
, , ..
#.∩}@.#.....P...≈≈§§§ ,...
#.∩∩∩.#.....#...♣≈≈≈§ *
...##..∩..#.........♣♣..≈
*,
.....................♣♣♣≈§
, *
....#......#>.........♣≈♣♣
** ,
*##.*##.....####.+#.....♣
*,
###.####..................
* ,
..........................
* ,
..........................,


There were no monsters in sight!

Vanquished Creatures
  Donald (Swamp:1)
  A fire giant (D:15)
  A stone giant (Orc:2)
  An ettin (Orc:2)
  A fire dragon (Lair:6)
  4 vault guards (D:14)
  4 hydras
  A catoblepas (D:12)
  The ghost of kalagan the Thaumaturge, a journeyman GrEE of Vehumet (D:10)
  A centaur warrior (D:13)
  2 alligators (Swamp:2)
  2 tengu warriors (D:15)
  7 two-headed ogres
  An orc high priest (Orc:2)
  A deep elf knight (D:14)
  Sonja (D:13)
  An unseen horror (D:14)
  A spriggan druid (Swamp:3)
  A wolf spider zombie (D:14)
  2 wizards (D:14)
  2 swamp dragons
  8 ugly things
  4 lindwurms (D:11)
  5 deep elf magi
  7 orc knights
  2 orc sorcerers
  4 cyclopes
  5 manticores
  3 black mambas
  An elephant (Lair:5)
  A torpor snail (Lair:6)
  2 rime drakes
  8 spiny frogs
  2 gargoyles
  2 kobold demonologists (D:15)
  A freezing wraith (D:14)
  4 komodo dragons
  A redback zombie (D:14)
  2 efreet (D:14)
  3 trolls
  3 tengu conjurers (D:15)
  5 ice devils (D:10)
  6 meliai
  2 tyrant leeches (Swamp:1)
  7 hornets
  Grinder (D:3)
  5 bog bodies
  2 polar bears
  A snapping turtle (shapeshifter) (D:15)
  Prince Ribbit (D:5)
  6 blink frogs (Lair:5)
  5 hippogriffs
  4 dream sheep (Lair:3)
  5 spriggans (Swamp:2)
  2 meliai zombies (D:14)
  2 redbacks (D:13)
  A shadow (Swamp:3)
  2 wyverns
  A human (D:14)
  A wraith (D:14)
  5 basilisks
  32 yaks
  A hungry ghost (D:9)
  A steam dragon (Lair:6)
  7 vampire mosquitoes
  10 swamp worms
  5 insubstantial wisps (Swamp:2)
  5 wargs (Orc:2)
  3 porcupines
  7 water moccasins
  4 acid dragons
  2 hell hounds (D:10)
  2 swamp drakes
  3 ice beasts
  2 sky beasts
  3 necrophages
  42 orc warriors
  A phantom (D:14)
  A black bear (D:8)
  11 ogres
  3 boggarts (D:15)
  12 wolves
  20 centaurs
  16 crocodiles
  3 big kobolds
  7 bullfrogs
  A gnoll sergeant (Orc:2)
  A wyvern zombie (D:14)
  2 water moccasin zombies
  A wyvern skeleton (D:9)
  9 scorpions
  11 killer bees
  5 wights (D:8)
  7 crimson imps
  3 howler monkeys
  2 bullfrog zombies
  2 centaur zombies
  A quasit (D:11)
  7 hounds
  4 jellies
  15 orc priests
  16 orc wizards
  6 bullfrog skeletons
  Crazy Yiuf (D:3)
  3 centaur skeletons
  Ijyb (D:3)
  6 iguanas
  Natasha (thrice) (D:2)
  13 worker ants
  2 hound zombies
  2 howler monkey skeletons
  3 gnolls (Orc:2)
  13 adders
  7 shadow imps
  A white imp (D:12)
  6 ufetubi (D:10)
  2 adder skeletons
  2 worms
  3 dart slugs
  4 leopard geckos
  134 orcs
  5 giant cockroaches
  5 goblins
  6 hobgoblins
  4 jackals
  17 kobolds
  4 quokkas
  3 ball pythons
  3 bats (D:2)
  6 frilled lizards
  A jackal skeleton (D:7)
  A leopard gecko skeleton (D:5)
  A quokka skeleton (D:8)
  7 rats
  3 fungi
  2 plants (Lair:6)
739 creatures vanquished.

Vanquished Creatures (others)
  14 fungi
  21 plants
  5 toadstools (D:1)
40 creatures vanquished.

Grand Total: 779 creatures vanquished

Notes
Turn   | Place    | Note
-------+----------+-------------------------------------------
     0 | D:1      | letownia2 the Deep Dwarf Necromancer began the quest for the Orb.
     0 | D:1      | Reached XP level 1. HP: 15/15 MP: 3/3
   229 | D:1      | Reached XP level 2. HP: 16/22 MP: 0/5
   791 | D:2      | Reached XP level 3. HP: 15/28 MP: 1/6
   796 | D:2      | Learned a level 3 spell: Vampiric Draining
   852 | D:2      | Reached skill level 5 in Necromancy
  1043 | D:3      | Found a sparkling altar of Nemelex Xobeh.
  1147 | D:4      | Noticed an ogre
  1169 | D:4      | Killed an ogre
  1169 | D:4      | Reached skill level 6 in Necromancy
  1169 | D:4      | Reached XP level 4. HP: 18/36 MP: 1/7
  1230 | D:4      | Reached XP level 5. HP: 29/42 MP: 1/8
  1404 | D:3      | Noticed Ijyb
  1407 | D:3      | Killed Ijyb
  1416 | D:3      | Found a sparkling altar of Nemelex Xobeh.
  1422 | D:3      | Found a burning altar of Makhleb.
  1425 | D:3      | Found a hide-covered altar of Uskayaw.
  1473 | D:4      | Reached skill level 1 in Fighting
  1619 | D:4      | Noticed letownia2's ghost (amateur DDNe)
  1878 | D:4      | Found a basalt altar of Yredelemnul.
  1881 | D:4      | Found a glowing golden altar of the Shining One.
  1883 | D:4      | Noticed an angel
  1889 | D:4      | Noticed a profane servitor
  1928 | D:4      | Reached skill level 7 in Necromancy
  2200 | D:4      | Reached XP level 6. HP: 45/51 MP: 2/10
  2282 | D:5      | Entered Level 5 of the Dungeon
  2287 | D:5      | Found a staircase to the Ecumenical Temple.
  2296 | Temple   | Entered the Ecumenical Temple
  2395 | Temple   | Became a worshipper of Gozag Ym Sagoz the Greedy
  2500 | D:5      | Reached skill level 1 in Armour
  2692 | D:5      | Reached XP level 7. HP: 55/60 MP: 11/11
  2871 | D:5      | Noticed Prince Ribbit
  2874 | D:5      | Killed Prince Ribbit
  2874 | D:5      | Reached skill level 8 in Necromancy
  3266 | D:3      | Noticed Grinder
  3427 | D:3      | Found a runed door.
  3518 | D:3      | Killed Grinder
  3518 | D:3      | Reached XP level 8. HP: 45/68 MP: 13/15
  3594 | D:3      | Reached skill level 5 in Spellcasting
  3738 | D:3      | Noticed Crazy Yiuf
  3740 | D:3      | Killed Crazy Yiuf
  3846 | D:2      | Noticed Natasha
  3850 | D:2      | Killed Natasha
  4405 | D:2      | Noticed Natasha
  4415 | D:2      | Killed Natasha
  4519 | D:2      | Noticed Natasha
  4525 | D:2      | Killed Natasha
  4665 | D:6      | Found Diumm's Magic Scroll Boutique.
  4677 | D:6      | Reached skill level 1 in Evocations
  4736 | D:6      | Bought a scroll of magic mapping for 49 gold pieces
  5307 | D:7      | Reached skill level 5 in Evocations
  5329 | D:7      | Gained mutation: You passively map the area around you. [Deep Dwarf growth]
  5329 | D:7      | Reached XP level 9. HP: 66/74 MP: 14/18
  5973 | D:8      | Reached skill level 1 in Axes
  6224 | D:8      | Got a warped buckler
  6382 | D:8      | Reached XP level 10. HP: 66/85 MP: 6/22
  6402 | D:8      | Identified the +6 buckler of the Ban {rPois rF+} (You found it on level 8 of the Dungeon)
  6492 | D:8      | Reached skill level 1 in Shields
  6726 | D:8      | Found a roughly hewn altar of Beogh.
  7127 | D:9      | Noticed a two-headed ogre
  7147 | D:9      | Killed a two-headed ogre
  7147 | D:9      | Reached skill level 5 in Fighting
  7147 | D:9      | Reached skill level 9 in Necromancy
  7613 | D:10     | Entered Level 10 of the Dungeon
  7677 | D:10     | Noticed a two-headed ogre
  7695 | D:10     | Killed a two-headed ogre
  7789 | D:10     | Noticed an ice statue
  7804 | D:10     | Noticed kalagan's ghost (journeyman GrEE)
  7889 | D:10     | Found a staircase to the Lair.
  7938 | D:10     | Reached XP level 11. HP: 58/97 MP: 22/24
  8030 | D:9      | Got a pitted great mace {vamp}
  8371 | Lair:1   | Entered Level 1 of the Lair of Beasts
  8389 | Lair:1   | Reached skill level 10 in Necromancy
  8687 | Lair:2   | Learned a level 3 spell: Inner Flame
  8691 | Lair:2   | Learned a level 3 spell: Portal Projectile
  8797 | Lair:3   | Reached skill level 5 in Axes
  9059 | Lair:5   | Reached skill level 5 in Armour
  9172 | Lair:6   | Entered Level 6 of the Lair of Beasts
  9202 | Lair:6   | Noticed a four-headed hydra
  9308 | Lair:5   | Identified the +1 great mace of the Onslaught {vamp, rN+} (You took it off an orc warrior on level 9 of the Dungeon)
  9673 | Lair:5   | Killed a four-headed hydra
 10005 | Lair:5   | Reached XP level 12. HP: 87/106 MP: 1/25
 10154 | Lair:6   | Reached skill level 11 in Necromancy
 10301 | Lair:6   | Found a runed door.
 10433 | Lair:6   | Reached skill level 12 in Necromancy
 10633 | Lair:6   | Found a viscous altar of Jiyva.
 10633 | Lair:6   | Found a staircase to the Slime Pits.
 10633 | Lair:6   | Noticed an acid blob
 10635 | Lair:6   | Noticed an acid blob
 11093 | Lair:6   | Reached skill level 13 in Necromancy
 11203 | Lair:6   | Noticed a fire dragon
 11224 | Lair:6   | Killed a fire dragon
 11576 | D:10     | Killed kalagan's ghost
 11636 | D:10     | Reached skill level 14 in Necromancy
 11751 | D:11     | Noticed a two-headed ogre
 11781 | D:11     | Killed a two-headed ogre
 11842 | D:11     | Found Ritog's General Store.
 12024 | D:11     | Learned a level 3 spell: Conjure Flame
 12026 | D:11     | Learned a level 1 spell: Flame Tongue
 12090 | D:11     | Reached skill level 1 in Conjurations
 12090 | D:11     | Reached skill level 1 in Fire Magic
 12294 | D:11     | Noticed a two-headed ogre
 12300 | D:11     | Killed a two-headed ogre
 12356 | D:11     | Reached XP level 13. HP: 103/112 MP: 18/26
 13089 | D:12     | Found a staircase to the Orcish Mines.
 13265 | D:12     | Found Plog's Weapon Shop.
 13343 | D:12     | Found a portal to a secret trove of treasure.
 13464 | Orc:1    | Entered Level 1 of the Orcish Mines
 13739 | Orc:2    | Entered Level 2 of the Orcish Mines
 13739 | Orc:2    | Found a staircase to the Elven Halls.
 13966 | Orc:1    | Found a burning altar of Makhleb.
 14164 | Orc:2    | Noticed a stone giant
 15408 | Orc:2    | Killed a stone giant
 15620 | Orc:2    | Reached skill level 10 in Axes
 16226 | Orc:2    | Found a roughly hewn altar of Beogh.
 16352 | Orc:2    | Found Xuch's Antique Armour Shoppe.
 16352 | Orc:2    | Found Ledaff's Antique Weapon Boutique.
 16385 | Orc:2    | Noticed an ettin
 16411 | Orc:2    | Killed an ettin
 16667 | Orc:2    | Found Ippuc's Assorted Antiques.
 16667 | Orc:2    | Found Adim's Distillery.
 17202 | D:13     | Gained mutation: You resist negative energy. (rN+) [Deep Dwarf growth]
 17202 | D:13     | Reached XP level 14. HP: 99/124 MP: 18/27
 17302 | D:13     | Noticed Sonja
 17307 | D:13     | Killed Sonja
 17847 | D:14     | Found a shadowy altar of Dithmenos.
 18098 | D:14     | Reached skill level 15 in Necromancy
 19028 | D:14     | Identified the Grimoire of Heat and Arcane Weapons
 19096 | D:14     | Reached skill level 10 in Spellcasting
 19709 | D:14     | Found a gate to the Vaults.
 20089 | D:15     | Entered Level 15 of the Dungeon
 20129 | D:15     | Found a staircase to the Depths.
 20129 | D:15     | Noticed a fire giant
 20523 | D:15     | Killed a fire giant
 20534 | D:15     | Gained mutation: You expend magic power (3 MP) to strengthen your wands. [a neqoxec]
 20605 | D:12     | Lost mutation: You expend magic power (3 MP) to strengthen your wands. [potion of mutation]
 20605 | D:12     | Gained mutation: Your flesh is heat resistant. (rF+) [potion of mutation]
 20605 | D:12     | Gained mutation: You have a somewhat thin skeletal structure. (Dex +2, Stealth) [potion of mutation]
 20605 | D:12     | Gained mutation: Your body sometimes deteriorates upon taking damage. [potion of mutation]
 20605 | D:12     | Gained mutation: Your mind is acute. (Int +2) [potion of mutation]
 21647 | D:15     | Reached XP level 15. HP: 109/132 MP: 16/29
 22117 | Lair:2   | Found a staircase to the Swamp.
 22143 | Swamp:1  | Entered Level 1 of the Swamp
 22375 | Swamp:2  | Paralysed by a hornet for 3 turns
 23160 | Swamp:1  | Noticed Donald
 23197 | Swamp:2  | Got a translucent leather armour
 23245 | Swamp:1  | Identified the +1 leather armour of Prudence {MR+++ Str+10 Int-3 Dex-5} (You found it on level 2 of the Swamp)
 23843 | Swamp:1  | Killed Donald
 24042 | Lair:2   | Quit the game

Skill      XL: |  1  2  3  4  5  6  7  8  9 10 11 12 13 14 15 |
---------------+----------------------------------------------+-----
Spellcasting   | 2 3 4 6 8 9 10 | 10.3
Necromancy     | 6 7 8 9 10 14 15 | 15.6
Fighting       | 1 2 4 5 6 7 8 |  8.4
Armour         | 2 4 7 8 |  8.4
Dodging        | 3 4 |  4.7
Evocations     | 5 6 |  6.1
Axes           | 4 8 12 14 | 14.8
Shields        | 3 |  3.1
Conjurations   | 2 4 |  4.0
Fire Magic     | 2 4 |  4.0
Stealth        | |  2.4

Action                   |  1- 3 |  4- 6 |  7- 9 | 10-12 | 13-15 || total
-------------------------+-------+-------+-------+-------+-------++-------
Melee: Unarmed           |     9 |       |       |       |       ||     9
       Dagger            |    13 |       |     7 |       |       ||    20
       Whip              |       |    55 |   358 |   515 |    26 ||   954
       Hand axe          |       |       |     2 |   164 |   319 ||   485
       Flail             |       |       |       |       |   480 ||   480
       War axe           |       |       |       |       |   148 ||   148
 Fire: Blowgun           |       |       |     5 |       |       ||     5
Throw: Javelin           |     6 |     5 |     7 |    16 |     6 ||    40
 Cast: Pain              |    43 |     9 |    52 |    23 |    69 ||   196
       Vampiric Draining |     5 |    17 |    35 |   240 |   488 ||   785
       Conjure Flame     |       |       |       |       |     1 ||     1
Invok: Call Merchant     |       |       |     1 |     2 |     4 ||     7
Evoke: Wand              |       |       |     5 |    13 |    32 ||    50
       Lamp of fire      |       |       |       |     1 |     4 ||     5
       Sack of spiders   |       |       |       |       |     3 ||     3
  Use: Scroll            |       |       |     3 |    16 |    14 ||    33
       Potion            |       |       |       |       |     5 ||     5
 Stab: Distracted        |       |       |     3 |     5 |     3 ||    11
       Sleeping          |       |       |     1 |       |       ||     1
       Paralysed         |       |       |       |     9 |     1 ||    10
       Confused          |       |       |       |       |     1 ||     1
  Eat: Chunk             |     2 |     6 |       |       |       ||     8
       Meat ration       |       |       |     2 |       |       ||     2
       Fruit             |       |       |     8 |    11 |    16 ||    35
       Royal jelly       |       |       |       |     7 |     7 ||    14
       Bread ration      |       |       |       |       |     3 ||     3
Armor: Robe              |     5 |       |       |       |       ||     5
       Ring mail         |    11 |    12 |    69 |       |    49 ||   141
       Scale mail        |       |       |       |   139 |    28 ||   167
       Chain mail        |       |       |       |       |   336 ||   336
Dodge: Dodged            |    40 |    64 |   370 |   471 |   771 ||  1716
Block: Buckler           |       |       |       |   393 |   765 ||  1158
